 Dungeon Crawl Stone Soup version 0.30-a0-451-ge042605de7 (webtiles) character file.

Game seed: 17830893827244526717

317 MackTheKnife the Magician (level 6, -6/43 HPs)
             Began as a Djinni Wanderer on Dec 11, 2022.
             Was a High Priest of Ignis.
             Mangled by Crazy Yiuf
             ... wielding a +3 quarterstaff of chaos
              (17 damage)
             ... on level 3 of the Dungeon.
             The game lasted 00:05:10 (3135 turns).

MackTheKnife the Magician (Djinni Wanderer)         Turns: 3135, Time: 00:05:10

Health: -6/43      AC:  4    Str: 15    XL:     6   Next: 73%
Gold:   180        EV: 11    Int: 13    God:    Ignis [*****.] SH:  0 Dex: 11

rFire   + + +      SeeInvis .    w - +1 whip (elec) {mace}
rCold   x . .      Faith    .    (no shield)
rNeg    . . .      Spirit   .    o - +1 leather armour
rPois   ∞          Reflect  .    (no helmet)
rElec   .          Harm     .    (no cloak)
rCorr   .          Rampage  .    (no gloves)
Will    .....                    (boots unavailable)
Stlth   +.........               (no amulet)
HPRegen 0.27/turn                (no ring)
MPRegen 0.00/turn                (no ring)

@: flying
A: sickness immunity, fire resistance 2, cold vulnerability 1, float, innate
caster, HP casting, extra vitality 1
a: Renounce Religion, Fiery Armour, Foxfire Swarm, Rising Flame


You were on level 3 of the Dungeon.
You worshipped Ignis.
Ignis was extremely pleased with you.
You visited 1 branch of the dungeon, and saw 3 of its levels.

You collected 180 gold pieces.


Innate Abilities, Weirdness & Mutations

You are immune to sickness and miasma.
You are immune to poison.
Your flesh is very heat resistant. (rF++)
You are vulnerable to cold. (rC-)
You float through the air rather than walking.
You learn spells naturally, not from books.
Your magical power is your life essence.
You have superior vitality. (+4 MHP)


   Skills:
 - Level 2.0 Fighting
 - Level 1.0 Staves
 - Level 3.0 Armour
 - Level 1.0 Stealth
 - Level 2.0 Unarmed Combat
 + Level 4.6 Spellcasting
 - Level 1.0 Evocations


You had 11 spell levels left.
You knew the following spells:

 Your Spells              Type           Power      Damage    Failure   Level
a - Beastly Appendage     Tmut           30%        N/A       3%          1
b - Blink                 Tloc           30%        N/A       5%          2
Your spell library was empty.

Inventory:

Hand Weapons
 w - a +1 whip of electrocution (weapon) {mace}
   (You took it off a gnoll on level 3 of the Dungeon)
Armour
 d - a +0 scale mail
 j - a +0 scale mail
   (You found it on level 1 of the Dungeon)
 o - a +1 leather armour (worn)
   (You found it on level 1 of the Dungeon)
 q - a +0 chain mail
   (You found it on level 3 of the Dungeon)
 r - a +0 robe
   (You took it off Jessica on level 3 of the Dungeon)
 s - a +0 ring mail
   (You took it off Ijyb on level 2 of the Dungeon)
Jewellery
 a - a ring of fire
   (You took it off a gnoll on level 3 of the Dungeon)
Wands
 t - a wand of flame (2)
   (You took it off Ijyb on level 2 of the Dungeon)
Scrolls
 b - 2 scrolls of fear
 g - a scroll of magic mapping {!r}
 h - a scroll of teleportation {@r4}
Potions
 c - 3 potions of heal wounds {@q2}
 i - a potion of berserk rage {!q}
 k - 2 potions of haste {@q3}
 m - a potion of attraction {!q}
 z - a potion of mutation {unknown}
 A - a potion of cancellation {unknown}

Dungeon Overview and Level Annotations

Branches:
Dungeon (3/15) Zot: 14821

Altars:
Ignis

Shops:
D:1 [

Annotations:
D:3 Crazy Yiuf

###** ♣♣####
####### #)..#♣♣
♣♣....## ......##
#...g@♣♣♣♣......#
.......##
#...#♣..♣.PP....#
........#
###**♣♣♣.♣....#.#
........#
♣♣♣♣♣###.#
........## #..#
.........# ###
#.##
........####.#
#.#
.......###...#
#.#
.......###.###
###.#######


You could see Crazy Yiuf.


Message History

Okay, then.
Key pressed, stopping explore.
Key pressed, stopping explore.
You feel your willpower return.
Things that are here:
a +0 quarterstaff {staff}; a +0 flail {mace} Key pressed, stopping explore.
A kobold comes into view.
It is wielding a +2 short sword of venom.
A kobold is nearby!
The kobold throws a stone.
The stone hits you but does no damage.
The kobold throws a stone.
The stone closely misses you.
You hit the kobold but do no damage. The kobold barely misses you.
You hit the kobold.
The kobold hits you with a +2 short sword of venom. 😕 HP[-2]
You take 2 damage, and now have 41/43 hp.
You barely miss the kobold.
The kobold hits you with a +2 short sword of venom. 😕 HP[-4]
You take 4 damage, and now have 37/43 hp.
A kobold is nearby!
You barely miss the kobold. The kobold barely misses you.
You miss the kobold.
The kobold hits you with a +2 short sword of venom. 😕 HP[-3]
You take 3 damage, and now have 34/43 hp.
You hit the kobold. Lightning courses through the kobold!
You kill the kobold!
No target in view!
No target in view!
Things that are here:
a +2 short sword of venom {short}; 3 stones {throwing}; a kobold corpse A hobgoblin comes into view. 😎 HP[+9]
Your hp is fully restored (43).
A hobgoblin is nearby!
A hobgoblin is nearby!
The hobgoblin shouts!
Okay, then.
You drop an amulet of magic regeneration {@e2}.
The hobgoblin hits you but does no damage.
You hit the hobgoblin. The hobgoblin barely misses you.
You hit the hobgoblin.
Lightning courses through the hobgoblin!
You kill the hobgoblin!
No target in view!
No target in view!
No target in view!
No target in view!
Key pressed, stopping explore.
Key pressed, stopping explore.
Crazy Yiuf shouts!
Unknown command.
Press: ? - help, v - describe, . - travel
Here: Crazy Yiuf, wielding a +3 quarterstaff of chaos, wearing a +0 cloak and carrying a wand of flame (19) (fire blocked by a runed translucent door)
The floor.
Unknown command.
Casting: Beastly Appendage (safe; 3% risk of failure)
Confirm with . or Enter, or press ? or * to list all spells.
Okay, then.
Unknown command.
Okay, then.
You reach down and open the door.
You hit Crazy Yiuf but do no damage.
Crazy Yiuf zaps a wand.
The puff of flame hits you. You resist. 😕 HP[-1]
You take 1 damage, and now have 42/43 hp.
You closely miss Crazy Yiuf.
Crazy Yiuf zaps a wand.
The puff of flame hits you but does no damage.
You resist. 😎 HP[+1]
Your hp is fully restored (43).
You hit Crazy Yiuf.
Crazy Yiuf hits you with a +3 quarterstaff of chaos!
Crazy Yiuf freezes you. 😮 HP[-14]
You take 14 damage, and now have 29/43 hp.
MASSIVE DAMAGE!! (PAUSE)
Press: ? - help, v - describe, . - travel
Here: Crazy Yiuf, wielding a +3 quarterstaff of chaos, wearing a +0 cloak and carrying a wand of flame (17) (lightly wounded)
An open translucent door.
Unknown command.
You closely miss Crazy Yiuf. Your punch misses Crazy Yiuf.
Crazy Yiuf closely misses you.
Unknown command.
You hit Crazy Yiuf.
Crazy Yiuf hits you with a +3 quarterstaff of chaos!
* * * LOW HITPOINT WARNING * * *
Crazy Yiuf freezes you.
* * * LOW HITPOINT WARNING * * *
😨 HP[-13]
You take 13 damage, and now have 16/43 hp.
MASSIVE DAMAGE!! (PAUSE)
You barely miss Crazy Yiuf.
Crazy Yiuf hits you with a +3 quarterstaff of chaos.
* * * LOW HITPOINT WARNING * * *
You are electrocuted!
You die...

Skill      XL: |  1  2  3  4  5 |
---------------+----------------+-----
Spellcasting   | 1 2 3 4 |  4.6
Fighting       | |  2.0
Staves         | |  1.0
Armour         | |  3.0
Stealth        | |  1.0
Unarmed Combat | |  2.0
Evocations     | |  1.0

Action                   |  1- 3 |  4- 6 || total
-------------------------+-------+-------++-------
Melee: Quarterstaff      |    72 |    75 ||   147
       Headbutt          |     2 |     8 ||    10
       Whip              |       |    50 ||    50
Throw: Stone             |     1 |       ||     1
 Cast: Beastly Appendage |     2 |     9 ||    11
       Blink             |       |     1 ||     1
Evoke: Wand              |       |     5 ||     5
  Use: Scroll            |       |    11 ||    11
       Potion            |       |     1 ||     1
 Stab: Invisible         |       |     1 ||     1
Armor: Scale mail        |    16 |       ||    16
       Leather armour    |    14 |    60 ||    74
Dodge: Dodged            |    45 |   102 ||   147

Levels and vault maps discovered:
D:1:      eino_arrival_cavern_c, layout_loops_ring, serial_shops,
          nicolae_shop_behind_doors
D:2:      layout_rooms, ebering_ecumenical_altar_box, serial_aquarium,
          aquarium_bridge_square [aquarium_subvault_bridge,
          aquarium_subvault_bridge, aquarium_subvault_balcony,
          aquarium_subvault_wall], aquarium_bridge_square
          [aquarium_subvault_bridge, aquarium_subvault_bridge,
          aquarium_subvault_balcony, aquarium_subvault_bridge],
          aquarium_window_corridor_3, aquarium_window_double, aquarium_window_2,
          aquarium_window_fake, aquarium_view_2c, aquarium_view_2d,
          aquarium_pool_four
D:3:      layout_rooms, minmay_randomly_rotated_circles,
          uniq_crazy_yiuf_cottage, uniq_jessica, uniq_ijyb

Notes
Turn   | Place    | Note
-------+----------+-------------------------------------------
     0 | D:1      | MackTheKnife the Djinni Wanderer began the quest for the
                  | Orb.
     0 | D:1      | MackTheKnife set off with the following items: a +0
                  | quarterstaff {staff}, a scroll of fear, 2 potions of heal
                  | wounds {@q2}, a +0 scale mail.
     0 | D:1      | Reached XP level 1. HP: 18/18 MP: 0/0
     0 | D:1      | magus.rc [v1.9.6]
   196 | D:1      | Reached skill level 1 in Spellcasting
   196 | D:1      | Reached XP level 2. HP: 22/23 MP: 0/0
   321 | D:1      | Found Saripoze's Antique Armour Shop.
   699 | D:1      | Reached XP level 3. HP: 25/28 MP: 0/0
   699 | D:1      | Learned a level 1 spell: Beastly Appendage
   852 | D:2      | Reached skill level 2 in Spellcasting
   932 | D:2      | Reached XP level 4. HP: 26/33 MP: 0/0
  1281 | D:2      | Found a faded altar of an unknown god.
  1648 | D:2      | Prayed at the altar of an unknown god.
  1648 | D:2      | Became a worshipper of Ignis, the Dying Flame
  1675 | D:3      | Noticed Jessica
  1684 | D:3      | Killed Jessica
  1685 | D:3      | Reached skill level 3 in Spellcasting
  1688 | D:3      | HP: 8/33 [kobold/+0 club (3)]
  1831 | D:3      | Reached XP level 5. HP: 24/38 MP: 0/0
  1831 | D:3      | Learned a level 2 spell: Blink
  1964 | D:3      | Noticed Ijyb
  2083 | D:2      | Killed Ijyb
  2376 | D:3      | HP: 6/38 [gnoll/+0 spear (4)]
  2378 | D:3      | HP: 1/38 [gnoll/+0 spear (6)]
  2597 | D:3      | Reached skill level 4 in Spellcasting
  2597 | D:3      | Reached XP level 6. HP: 43/43 MP: 0/0
  2613 | D:3      | Noticed an ogre
  2619 | D:3      | Killed an ogre
  2634 | D:3      | HP: 10/43 [bat (1)]
  2640 | D:3      | HP: 10/43 [bat (1)]
  2644 | D:3      | HP: 4/43 [bat (1)]
  3125 | D:3      | Found a runed translucent door.
  3126 | D:3      | Noticed Crazy Yiuf
  3135 | D:3      | Mangled by Crazy Yiuf

Vanquished Creatures
  An ogre (D:3)
  A hound (D:3)
  Jessica (D:3)
  Ijyb (D:2)
  4 gnolls (D:3)
  6 adders
  A dart slug (D:1)
  An orc (D:3)
  5 bats
  6 endoplasms
  3 giant cockroaches
  7 goblins
  3 hobgoblins
  3 jackals (D:2)
  3 quokkas
  7 ball pythons
  A frilled lizard (D:3)
  3 kobolds
  5 rats
62 creatures vanquished.

Table legend:
 A = Non-vault XP
 B = Vault XP
 C = Vault XP percentage of total XP
 D = Non-vault monster count
 E = Vault monster count
 F = Vault count percentage of total count
                 A         B        C        D         E       F
            +---------+---------+-------+---------+---------+-------
      Total |     216 |     237 |  52.3 |      54 |       8 |  12.9
            +---------+---------+-------+---------+---------+-------
        D:1 |      39 |       0 |   0.0 |      21 |       0 |   0.0
        D:2 |      56 |      33 |  37.1 |      12 |       1 |   7.7
        D:3 |     121 |     204 |  62.8 |      21 |       7 |  25.0
            +---------+---------+-------+---------+---------+-------

Illustrated notes

Table legend:
 A = Kills in this place as a percentage of kills in entire the game.
 B = Kills by you in this place as a percentage of kills by you in the entire game.
 C = Kills by friends in this place as a percentage of kills by friends in the entire game.
 D = Other kills in this place as a percentage of other kills in the entire game.
 E = Experience gained in this place as a percentage of experience gained in the entire game.
 F = Experience gained in this place divided by the number of levels of this place that you have seen.
                   A       B       C       D       E      F
               +-------+-------+-------+-------+-------+----------------------
         Total | 100.0 | 100.0 |   N/A |   N/A | 100.0 | 151.0
       Dungeon | 100.0 | 100.0 |   N/A |   N/A | 100.0 | 151.0
               +-------+-------+-------+-------+-------+----------------------

Table legend: (Time is in decaauts)
 A = Elapsed time spent in this place.
 B = Non-inter-level travel time spent in this place.
 C = Inter-level travel time spent in this place.
 D = Time resting spent in this place.
 E = Time spent auto-exploring this place.
 F = Levels seen in this place.
 G = Mean time per level.
                   A        B        C        D        E       F      G
               +--------+--------+--------+--------+--------+-----+--------+
         Total |   3177 |   3078 |     99 |    668 |   1865 |   3 | 1059.0 |
       Dungeon |   3177 |   3078 |     99 |    668 |   1865 |   3 | 1059.0 |
               +--------+--------+--------+--------+--------+-----+--------+

Top non-repeatable levels by time:
     D:3: 1332 daAuts
     D:2: 996 daAuts
     D:1: 849 daAuts
